 Dungeon Crawl Stone Soup version 0.19.1-1-g22dce08 (webtiles) character file.

5952 Mefis the Thaumaturge (level 10, -3/50 HPs)
             Began as a Deep Elf Wizard on Jan 13, 2017.
             Was a Priest of Sif Muna.
             Engulfed by a steam dragon's steam (15 damage)
             ... on level 10 of the Dungeon on Jan 14, 2017.
             The game lasted 00:49:25 (14687 turns).

Mefis the Thaumaturge (Deep Elf Wizard)            Turns: 14687, Time: 00:49:26

Health: -3/50      AC:  3    Str:  4    XL:     10   Next: 54%
Magic:  1/27       EV: 16    Int: 32    God:    Sif Muna [***...]
Gold:   605        SH:  3    Dex: 13    Spells: 11 memorised, 3 levels left

rFire  . . .     SeeInvis .     a - +4 quarterstaff (chaos)
rCold  . . .     Gourm    .     F - +0 robe
rNeg   . . .     Faith    .     (shield currently unavailable)
rPois  .         Spirit   .     P - +0 hat
rElec  .         Reflect  +     I - +0 cloak
rCorr  .         Harm     .     (no gloves)
MR     ++...                    (no boots)
Stlth  ++++......               G - +3 amulet of reflection
                                R - ring of protection from magic
                                q - +5 ring of intelligence

@: swift, very slightly contaminated, repel missiles, quick
A: no striking features
a: Divine Energy, Channel Magic, Renounce Religion


You were on level 10 of the Dungeon.
You worshipped Sif Muna.
Sif Muna was most pleased with you.
You were hungry.

You visited 2 branches of the dungeon, and saw 11 of its levels.

You collected 605 gold pieces.

Inventory:

Hand Weapons
 a - a +4 quarterstaff of chaos (weapon)
 b - a +0 hunting sling of velocity
Missiles
 j - 59 poisoned needles
 H - 52 sling bullets
 M - 5 needles of paralysis
Armour
 F - a +0 robe (worn)
 I - a +0 cloak (worn)
 P - a +0 hat (worn)
 Z - a +0 buckler
Rods
 T - a +0 rod of inaccuracy (14/14)
   (You found it on level 8 of the Dungeon)
Jewellery
 g - an uncursed ring of protection from magic
 q - a +5 ring of intelligence (left hand)
 G - a +3 amulet of reflection (around neck)
 K - an uncursed amulet of the gourmand
 R - a ring of protection from magic (right hand)
Wands
 h - a wand of lightning (4/15)
 k - a wand of confusion (11/48)
 B - a wand of digging (5/24)
 D - a wand of slowing (18/48)
 E - a wand of flame (24/48)
 J - a wand of flame (25/48)
 L - a wand of iceblast (8/15)
 O - a wand of flame (13/48)
 U - a wand of digging (10/24)
 W - a wand of flame (31/48)
Scrolls
 e - 3 scrolls of enchant armour
 i - 4 scrolls of remove curse
 m - a scroll of fog {unknown}
 n - a scroll of recharging {unknown}
 o - a scroll of fear {unknown}
 w - 2 scrolls of random uselessness {unknown}
 x - 5 scrolls of teleportation {unknown}
 y - 3 scrolls of magic mapping {unknown}
 Q - 2 scrolls of amnesia {unknown}
 Y - 2 scrolls of immolation {unknown}
Potions
 l - 3 potions of heal wounds {unknown}
 p - 2 potions of flight {unknown}
 r - 2 potions of lignification {unknown}
 s - 2 potions of might
 u - a potion of agility
 A - a potion of brilliance {unknown}
 V - a potion of curing {unknown}
 X - 3 potions of degeneration {unknown}
Books
 c - a book of Minor Magic

   Spells                             Type                      Level
   a - Magic Dart                     Conjuration                  1
   b - Blink                          Translocation                2
   c - Call Imp                       Summoning                    2
   d - Repel Missiles                 Charms/Air                   2
   e - Slow                           Hexes                        2
   f - Conjure Flame                  Conjuration/Fire             3
   g - Mephitic Cloud                 Conjuration/Poison/Air       3
 t - a book of Air

   Spells                             Type                      Level
   a - Shock                          Conjuration/Air              1
   b - Swiftness                      Charms/Air                   2
   c - Repel Missiles                 Charms/Air                   2
   d - Static Discharge               Conjuration/Air              3
   e - Lightning Bolt                 Conjuration/Air              5
 S - a book of Callings

   Spells                             Type                      Level
   a - Summon Small Mammal            Summoning                    1
   b - Call Imp                       Summoning                    2
   c - Call Canine Familiar           Summoning                    3
   d - Summon Guardian Golem          Hexes/Summoning              3
   e - Summon Lightning Spire         Summoning/Air                4
   f - Summon Ice Beast               Ice/Summoning                4
Comestibles
 d - 6 bread rations
 f - a meat ration
 v - a beef jerky
 z - 33 fruits
 C - 3 slices of pizza


   Skills:
 + Level 7.1 Dodging
 + Level 7.7 Stealth
 + Level 1.8 Shields
 * Level 11.4 Spellcasting
 + Level 5.8 Conjurations
 - Level 5.5 Hexes
 - Level 5.9 Charms
 - Level 4.3 Summonings
 - Level 1.1 Translocations
 - Level 1.8 Ice Magic
 * Level 3.9 Air Magic
 - Level 3.7 Poison Magic


You had 3 spell levels left.
You knew the following spells:

 Your Spells              Type           Power        Failure   Level  Hunger
a - Magic Dart            Conj           ####         1%          1    None
b - Call Imp              Summ           #####...     1%          2    None
c - Blink                 Tloc           N/A          2%          2    None
d - Repel Missiles        Chrm/Air       #####.       1%          2    None
e - Mephitic Cloud        Conj/Pois/Air  #####...     1%          3    None
f - Conjure Flame         Conj/Fire      #####...     2%          3    None
g - Slow                  Hex            ######..     1%          2    None
m - Summon Lightning Spi  Summ/Air       #####...     6%          4    None
n - Summon Ice Beast      Ice/Summ       #####...     10%         4    None
v - Summon Guardian Gole  Hex/Summ       ######..     1%          3    None
x - Swiftness             Chrm/Air       #####...     1%          2    None


Dungeon Overview and Level Annotations

Branches:
Dungeon (10/15)            Temple (1/1) D:5            Lair (0/6) D:10
    Orc (0/2) D:9

Altars:
Ashenzari
Cheibriados
Dithmenos
Elyvilon
Fedhas
Gozag
Hepliaklqana
Kikubaaqudgha
Makhleb
Nemelex Xobeh
Okawaru
Qazlal
Ru
Sif Muna
Trog
Uskayaw
Vehumet
Xom
Yredelemnul
Zin
The Shining One

Shops:
D:10 =


Message History

The steam dragon misses you.
Your ice beast hits the steam dragon but does no damage.
You see here a stone.
The kobold closely misses your ice beast.
There is an open door here.
An adder comes into view.
The steam dragon breathes steam at you. The ball of steam hits you!
The adder hisses angrily.
You close the door.
You are engulfed in a cloud of scalding steam.
* * * LOW HITPOINT WARNING * * *
Casting: Swiftness
Confirm with . or Enter, or press ? or * to list all spells.
Aiming: Mephitic Cloud
Press: ? - help, Shift-Dir - straight line, f - adder
Aim: an adder The ball explodes into a vile cloud!
The stinking cloud engulfs the adder.
You are engulfed in a cloud of scalding steam.
You die...

#.......)(.# ####.....#
#####K.(..# #.....#
##(#### ###.### #(K# #.##
##K# #..# #####'### ##.#
#..∩..Y.# ####.##
#.....(D########...(.####
#.......+@...S§#........##
#.......######§......##..#
#......)# ###.....###.)
#.......# #.....# ###
#.......# ###.###
#.......# #.# #########
#.. ##'#


You could see an adder.

Vanquished Creatures
  2 hungry ghosts
  Edmund (D:6)
  A water moccasin (D:7)
  2 orc warriors (D:8)
  2 ice beasts
  4 centaurs
  3 ogres
  2 big kobolds
  4 scorpions
  6 howler monkeys
  4 crimson imps
  2 centaur zombies
  4 hounds
  2 bullfrog zombies
  A jelly (D:7)
  Crazy Yiuf (D:4)
  7 orc priests
  3 centaur skeletons
  4 orc wizards
  2 bullfrog skeletons
  Natasha (D:4)
  An iguana (D:8)
  A worker ant (D:5)
  2 hound zombies
  A hound skeleton (D:5)
  3 gnolls (D:3)
  13 adders
  3 shadow imps
  A worm (D:2)
  2 dart slugs
  5 leopard geckos
  33 orcs
  9 bats
  5 giant cockroaches
  7 goblins
  5 hobgoblins
  19 jackals
  19 kobolds
  4 quokkas
  A ball python (D:6)
  2 frilled lizards
  A leopard gecko skeleton (D:6)
  A leopard gecko zombie (D:5)
  6 rats
202 creatures vanquished.

Vanquished Creatures (collateral kills)
  The ghost of yogakurto the Cudgeler, a novice DsBe of Trog (D:8)
  The ghost of bananaglory the Cleaver, a novice DDFi of Makhleb (D:6)
  2 hill giants
  Joseph (D:10)
  A gargoyle (D:7)
  Psyche (D:9)
  The ghost of galech the Shield-Bearer, a novice GrFi (D:5)
  A wyvern (D:9)
  2 hell hounds (D:10)
  A sky beast (D:10)
  2 big kobolds (D:10)
  Blork the orc (D:4)
  A crimson imp (D:8)
  A hound (D:10)
  A worker ant (D:4)
  Natasha (twice) (D:4)
  4 orc wizards
  A dart slug (D:1)
  2 leopard geckos (D:1)
  5 orcs
  2 goblins
  3 jackals (D:1)
  4 kobolds
  A rat (D:1)
42 creatures vanquished.

Vanquished Creatures (others)
  A centaur (D:10)
1 creature vanquished.

Grand Total: 245 creatures vanquished

Notes
Turn   | Place    | Note
-------+----------+-------------------------------------------
     0 | D:1      | Mefis the Deep Elf Wizard began the quest for the Orb.
     0 | D:1      | Reached XP level 1. HP: 10/10 MP: 7/7
   196 | D:1      | Reached XP level 2. HP: 15/15 MP: 3/9
   200 | D:1      | Learned a level 2 spell: Call Imp
   203 | D:1      | Learned a level 2 spell: Blink
   206 | D:1      | Learned a level 2 spell: Repel Missiles
   521 | D:1      | Reached skill level 5 in Spellcasting
   713 | D:1      | Reached XP level 3. HP: 19/19 MP: 8/11
   718 | D:1      | Learned a level 3 spell: Mephitic Cloud
  1630 | D:2      | Found a glowing golden altar of the Shining One.
  1630 | D:2      | Found a burning altar of Makhleb.
  2267 | D:3      | Reached XP level 4. HP: 24/24 MP: 3/13
  2272 | D:3      | Learned a level 3 spell: Conjure Flame
  3214 | D:4      | Reached skill level 6 in Spellcasting
  3294 | D:4      | Reached skill level 1 in Poison Magic
  3294 | D:4      | Reached XP level 5. HP: 16/28 MP: 0/15
  3476 | D:4      | Found a white marble altar of Elyvilon.
  3525 | D:4      | Found a snail-covered altar of Cheibriados.
  3645 | D:4      | Noticed Natasha
  3690 | D:4      | Killed Natasha
  3692 | D:4      | Noticed Blork the orc
  3697 | D:4      | Noticed Natasha
  3703 | D:4      | Noticed an ogre
  3704 | D:4      | Killed Natasha
  4160 | D:3      | Killed an ogre
  4160 | D:3      | Reached skill level 1 in Air Magic
  4160 | D:3      | Reached XP level 6. HP: 32/32 MP: 6/17
  4412 | D:4      | Killed Blork the orc
  4505 | D:4      | Reached skill level 7 in Spellcasting
  4612 | D:4      | Noticed Natasha
  4616 | D:4      | Killed Natasha
  4733 | D:4      | Learned a level 2 spell: Slow
  4873 | D:4      | Found a runed door.
  5093 | D:4      | Noticed Crazy Yiuf
  5099 | D:4      | Killed Crazy Yiuf
  5182 | D:5      | Entered Level 5 of the Dungeon
  5241 | D:5      | Reached XP level 7. HP: 29/36 MP: 7/19
  5300 | D:5      | Noticed galech's ghost (novice GrFi)
  5542 | D:5      | Reached skill level 1 in Hexes
  6227 | D:5      | Found a staircase to the Ecumenical Temple.
  6236 | Temple   | Entered the Ecumenical Temple
  6301 | Temple   | Became a worshipper of Sif Muna the Loreminder
  6537 | D:6      | Noticed Edmund
  6618 | D:6      | Killed Edmund
  6618 | D:6      | Reached skill level 8 in Spellcasting
  6735 | D:6      | Reached skill level 5 in Dodging
  6735 | D:6      | Reached skill level 5 in Stealth
  6742 | D:6      | Reached XP level 8. HP: 40/41 MP: 14/22
  6765 | D:6      | Noticed bananaglory's ghost (novice DDFi)
  7005 | D:6      | Found a radiant altar of Vehumet.
  7450 | D:6      | Found a blossoming altar of Fedhas.
  7452 | D:6      | Found an ancient bone altar of Kikubaaqudgha.
  7988 | D:6      | Found a shadowy altar of Dithmenos.
  8027 | D:6      | Reached * piety under Sif Muna
  8491 | D:7      | Noticed a hill giant
  8526 | D:7      | Killed a hill giant
  8526 | D:7      | Reached skill level 9 in Spellcasting
  8891 | D:7      | Reached XP level 9. HP: 45/45 MP: 14/24
  9672 | D:7      | Noticed a gargoyle
  9907 | D:7      | Reached ** piety under Sif Muna
 10108 | D:8      | Identified a +0 rod of inaccuracy (14/14) (You found it on level 8 of the Dungeon)
 10281 | D:8      | Noticed yogakurto's ghost (novice DsBe)
 10293 | D:8      | Reached skill level 10 in Spellcasting
 10385 | D:8      | Reached skill level 5 in Conjurations
 10703 | D:8      | You fall through a shaft!
 10715 | D:9      | Found a stormy altar of Qazlal.
 10800 | D:9      | Found an opulent altar of Gozag.
 10842 | D:9      | Noticed Psyche
 11111 | D:8      | Learned a level 4 spell: Summon Lightning Spire
 11116 | D:8      | Learned a level 4 spell: Summon Ice Beast
 11120 | D:8      | Learned a level 3 spell: Summon Guardian Golem
 11758 | D:7      | Killed a gargoyle
 11793 | D:5      | Found an iron altar of Okawaru.
 11793 | D:5      | Found a hazy altar of Hepliaklqana.
 12001 | D:5      | Killed galech's ghost
 12151 | D:6      | Found a shadowy altar of Dithmenos.
 12171 | D:6      | Killed bananaglory's ghost
 12340 | D:8      | Killed yogakurto's ghost
 12340 | D:8      | Reached skill level 1 in Shields
 12533 | D:9      | Reached XP level 10. HP: 50/50 MP: 9/26
 12548 | D:9      | Reached skill level 5 in Hexes
 12583 | D:9      | Reached skill level 5 in Charms
 12858 | D:9      | Found a staircase to the Orcish Mines.
 13034 | D:9      | Killed Psyche
 13218 | D:9      | Reached *** piety under Sif Muna
 13218 | D:9      | Reached skill level 11 in Spellcasting
 13331 | D:9      | Found a stormy altar of Qazlal.
 13501 | D:10     | Entered Level 10 of the Dungeon
 13698 | D:10     | Noticed Joseph
 13711 | D:10     | Killed Joseph
 13863 | D:10     | Found a staircase to the Lair.
 14121 | D:10     | Reached skill level 1 in Ice Magic
 14238 | D:10     | Found Tuxer's Jewellery Boutique.
 14463 | D:10     | Noticed a hill giant
 14475 | D:10     | Killed a hill giant
 14530 | D:10     | Learned a level 2 spell: Swiftness
 14687 | D:10     | Engulfed by a steam dragon's steam

Skill      XL: |  1  2  3  4  5  6  7  8  9 10 |
---------------+-------------------------------+-----
Spellcasting   | 5 6 7 8 9 10 11 | 11.4
Dodging        | 3 4 5 6 7 |  7.1
Stealth        | 3 4 5 6 7 |  7.7
Conjurations   | 2 3 4 5 |  5.8
Poison Magic   | 1 2 3 |  3.7
Air Magic      | 1 2 3 |  3.9
Hexes          | 2 3 4 5 |  5.5
Charms         | 2 4 5 |  5.9
Summonings     | 2 3 4 |  4.3
Shields        | 1 |  1.8
Ice Magic      | 1 |  1.8
Translocations | |  1.1

Action                   |  1- 3 |  4- 6 |  7- 9 | 10-12 || total
-------------------------+-------+-------+-------+-------++-------
Melee: Dagger            |    17 |       |       |       ||    17
       Short sword       |     2 |    30 |       |       ||    32
       Quarterstaff      |       |     2 |    49 |    18 ||    69
 Fire: Hunting sling     |       |       |    17 |       ||    17
 Cast: Magic Dart        |    91 |   124 |   288 |   121 ||   624
       Call Imp          |     7 |     8 |    26 |       ||    41
       Repel Missiles    |     2 |     1 |     1 |     1 ||     5
       Blink             |     1 |     2 |     5 |     1 ||     9
       Mephitic Cloud    |       |    16 |    24 |     7 ||    47
       Conjure Flame     |       |       |    32 |     5 ||    37
       Summon Ice Beast  |       |       |    18 |    10 ||    28
       Summon Lightning  |       |       |     9 |    11 ||    20
       Summon Guardian G |       |       |     6 |       ||     6
       Swiftness         |       |       |       |     1 ||     1
  Use: Scroll            |       |     3 |     1 |       ||     4
       Potion            |       |       |       |     2 ||     2
 Stab: Sleeping          |     8 |     1 |     4 |     1 ||    14
       Confused          |       |     2 |     3 |       ||     5
       Paralysed         |       |       |     1 |       ||     1
       Petrifying        |       |       |     1 |       ||     1
  Eat: Chunk             |     4 |     8 |    20 |     4 ||    36
       Meat ration       |       |       |     1 |       ||     1
Armor: Robe              |     6 |     6 |    17 |    11 ||    40
Dodge: Dodged            |    32 |    33 |    82 |    35 ||   182
       Deflected         |     3 |     2 |     6 |     7 ||    18
Block: Other             |       |       |    18 |     4 ||    22
       Reflection        |       |       |     1 |     1 ||     2
